 Dungeon Crawl Stone Soup version 0.18.1-8-gdd0e5ea (webtiles) character file.

725 OrDronus the Covered (level 8, -3/61 HPs)
             Began as a Human Fighter on June 1, 2016.
             Was a Believer of Zin.
             Blown up by Pikel (11 damage)
             ... with a wand of disintegration
             ... on level 4 of the Dungeon.
             The game lasted 00:29:06 (4955 turns).

OrDronus the Covered (Human Fighter)                Turns: 4955, Time: 00:29:06

Health: -3/61      AC:  8    Str: 22    XL:     8   Next: 2%
Magic:  8/8        EV:  9    Int:  9    God:    Zin [**....]
Gold:   181        SH: 10    Dex: 14    Spells: 0 memorised, 7 levels left

rFire  . . .     SeeInvis .     a - +0 flail
rCold  . . .     Gourm    .     b - +0 scale mail
rNeg   . . .     Faith    .     c - +0 shield
rPois  .         Spirit   .     x - +0 helmet
rElec  .         Dismiss  .     (no cloak)
rCorr  .         Reflect  .     (no gloves)
SustAt .         Harm     .     (no boots)
MR     .....                    (no amulet)
Stlth  ..........               (no ring)
                                (no ring)

@: mighty, not resistant to hostile enchantments, extremely unstealthy
A: no striking features
a: Recite, Vitalisation, Donate Gold, Renounce Religion


You were on level 4 of the Dungeon.
You worshipped Zin.
Zin was pleased with you.
You were not hungry.

You visited 1 branch of the dungeon, and saw 5 of its levels.

You collected 201 gold pieces.
You donated 20 gold pieces to Zin.

Inventory:

Hand Weapons
 a - a +0 flail (weapon)
Missiles
 g - 18 sling bullets
 i - 7 javelins (quivered)
 p - 32 bolts
Armour
 b - a +0 scale mail (worn)
 c - a +0 shield (worn)
 l - a +4 scale mail of magic resistance
 v - a cursed -2 ring mail
 x - a +0 helmet (worn)
Jewellery
 E - an uncursed ring of poison resistance {unknown}
 G - a +4 ring of evasion {unknown}
Wands
 j - a wand of slowing (5/48)
Scrolls
 e - a scroll of enchant weapon {unknown}
 h - 5 scrolls of identify {unknown}
 m - 3 scrolls of remove curse {unknown}
 n - 3 scrolls of teleportation {unknown}
 q - a scroll of random uselessness {unknown}
 s - 2 scrolls of amnesia {unknown}
 y - a scroll of enchant armour {unknown}
 A - a scroll of fear {unknown}
 C - a scroll of recharging {unknown}
 F - a scroll of fog {unknown}
Potions
 d - a potion of might
 r - a potion of ambrosia {unknown}
 u - a potion of mutation {unknown}
 z - a potion of flight {unknown}
 B - 2 potions of degeneration {unknown}
Books
 k - a book of Fire

   Spells                             Type                      Level
   a - Ignite Poison                  Fire/Transmutation/Poison    3
   b - Fireball                       Conjuration/Fire             5
   c - Bolt of Fire                   Conjuration/Fire             6
   d - Delayed Fireball               Conjuration/Fire             7
   e - Ring of Flames                 Charms/Fire                  7
Comestibles
 f - 4 bread rations
 o - 4 fruits
 t - a beef jerky
 w - 2 meat rations
 D - a slice of pizza
 H - a chunk of flesh


   Skills:
 + Level 4.6 Fighting
 + Level 3.9 Maces & Flails
 + Level 0.4 Throwing
 + Level 4.8 Armour
 + Level 3.1 Dodging
 + Level 0.7 Stealth
 + Level 4.8 Shields


You had 7 spell levels left.
You didn't know any spells.

Dungeon Overview and Level Annotations

Branches:
Dungeon (5/15)             Temple (0/1) D:5

Altars:
Fedhas
Nemelex Xobeh
Okawaru
Pakellas
Trog
Xom
Zin

Annotations:
D:2 Sigmund
D:4 Pikel


Message History

Pikel is heavily wounded.
You block Pikel's attack.
You barely miss Pikel.
Pikel is heavily wounded.
Pikel hits you but does no damage. x2
You completely miss Pikel.
Pikel is heavily wounded.
Pikel cracks his whip.
Pikel zaps a wand.
You are blasted!
* * * LOW HITPOINT WARNING * * *
Drink which item? (? for menu, Esc to quit)
You feel very mighty all of a sudden. Pikel barely misses you.
Your shield and scale mail prevent you from hitting Pikel.
Pikel is heavily wounded.
Pikel barely misses you.
You thump Pikel!
Pikel is severely wounded.
Pikel zaps a wand.
You are blasted!
You die...

#.# #####.### #.#
#.###.......####.#
#.#...##.........##
#..###.#..#>###...## #.##
##...#.##.....########### #.#
#..##.###..#...........# #.##
##<.##.......##########.#
##.###.#.######..## #.#
##...##.######K@# #.#
##.###.........## #.# #.#
########...## #.# #.###
##.....## ###.### #.#.##
##.......## ##.#...#
#....####.........####...##.##
#.......'.........'...........
#....####.........####...##.##
#.#.## ##.......## ##.[...#


You could see Pikel.

Vanquished Creatures
  The ghost of lupus83 the Magician, an amateur DECj of Vehumet (D:4)
  An ice beast (D:4)
  A slave (D:4)
  An ogre (D:4)
  A scorpion (D:5)
  2 howler monkeys
  A hound (D:4)
  Ijyb (D:2)
  Jessica (D:2)
  A worker ant (D:4)
  8 adders
  2 shadow imps (D:5)
  3 oozes
  A worm (D:3)
  2 dart slugs
  A giant gecko (D:2)
  3 orcs (D:3)
  2 ball pythons
  6 bats
  4 giant cockroaches
  3 goblins
  5 hobgoblins
  11 jackals
  A quokka (D:5)
  6 giant newts
  5 kobolds
  3 rats
77 creatures vanquished.

Notes
Turn   | Place    | Note
--------------------------------------------------------------
     0 | D:1      | OrDronus the Human Fighter began the quest for the Orb.
     0 | D:1      | Reached XP level 1. HP: 18/18 MP: 1/1
   142 | D:1      | Reached XP level 2. HP: 24/24 MP: 2/2
   498 | D:2      | Reached XP level 3. HP: 29/29 MP: 3/3
   899 | D:2      | Noticed Sigmund
  1156 | D:2      | Noticed Ijyb
  1178 | D:2      | Killed Ijyb
  1178 | D:2      | Reached XP level 4. HP: 26/35 MP: 4/4
  1226 | D:2      | Noticed Jessica
  1240 | D:2      | Killed Jessica
  1240 | D:2      | Reached skill level 1 in Dodging
  1447 | D:2      | Reached XP level 5. HP: 41/41 MP: 5/5
  1552 | D:3      | Found a glowing silver altar of Zin.
  1555 | D:3      | Found an oddly glowing altar of Pakellas.
  1557 | D:3      | Found a blossoming altar of Fedhas.
  1557 | D:3      | Found a sparkling altar of Nemelex Xobeh.
  1558 | D:3      | Found a bloodstained altar of Trog.
  1576 | D:3      | Became a worshipper of Zin the Law-Giver
  1596 | D:3      | Found a faded altar to an unknown god.
  1856 | D:3      | Found a shimmering altar of Xom.
  1856 | D:3      | Found a shimmering altar of Xom.
  1856 | D:3      | Found a shimmering altar of Xom.
  1870 | D:3      | Found a shimmering altar of Xom.
  1870 | D:3      | Found a shimmering altar of Xom.
  1871 | D:3      | Found a shimmering altar of Xom.
  1871 | D:3      | Found a shimmering altar of Xom.
  1886 | D:3      | Reached * piety under Zin
  2344 | D:4      | Reached ** piety under Zin
  2438 | D:4      | Noticed lupus83's ghost (amateur DECj)
  2609 | D:4      | Killed lupus83's ghost
  2609 | D:4      | Reached XP level 6. HP: 21/48 MP: 6/6
  2966 | D:4      | Reached XP level 7. HP: 54/54 MP: 7/7
  3490 | D:5      | Entered Level 5 of the Dungeon
  3490 | D:5      | Noticed Pikel
  4142 | D:5      | Found an iron altar of Okawaru.
  4317 | D:5      | Found a staircase to the Ecumenical Temple.
  4743 | D:4      | Reached XP level 8. HP: 27/61 MP: 6/8
  4955 | D:4      | Blown up by Pikel

Skill      XL: |  1  2  3  4  5  6  7 |
---------------+----------------------+-----
Dodging        | 1 2 3 |  3.1
Shields        | 4 |  4.8
Fighting       | 4 |  4.6
Maces & Flails | 3 |  3.9
Armour         | 4 |  4.8
Throwing       | |  0.4
Stealth        | |  0.7

Action                   |  1- 3 |  4- 6 |  7- 9 || total
-------------------------+-------+-------+-------++-------
Melee: Flail             |   105 |   194 |   155 ||   454
Throw: Javelin           |     1 |       |     4 ||     5
Invok: Vitalisation      |       |       |     2 ||     2
  Use: Potion            |       |     1 |     1 ||     2
  Eat: Chunk             |       |     6 |     7 ||    13
       Fruit             |       |     1 |       ||     1
Armor: Scale mail        |    41 |    95 |    64 ||   200
Dodge: Dodged            |    21 |    62 |    55 ||   138
Block: Shield            |    60 |    98 |    66 ||   224
